 Dungeon Crawl Stone Soup version 0.21.1-1-g345015f (webtiles) character file.

44881 Swet the Basher (level 13, -39/152 HPs)
             Began as a Troll Chaos Knight on July 18, 2018.
             Annihilated by an enormous slime creature (53 damage)
             ... on level 5 of the Lair of Beasts.
             The game lasted 03:02:15 (14702 turns).

Swet the Basher (Troll Chaos Knight)               Turns: 14702, Time: 03:02:15

Health: -39/152    AC: 18    Str: 27    XL:     13   Next: 98%
Magic:  0/13       EV: 13    Int: 10    God:    Xom [....*.]
Gold:   933        SH:  0    Dex: 13    Spells: 12/12 levels left

rFire    + + +     SeeInvis .   s - +0 giant club
rCold    + . .     Gourm    +   (shield currently unavailable)
rNeg     . . .     Faith    .   c - +0 fire dragon scales
rPois    .         Spirit   +   (helmet unavailable)
rElec    +         Reflect  .   (no cloak)
rCorr    +         Harm     .   (gloves unavailable)
MR       .....                  (boots unavailable)
Stlth    ..........             f - amulet of guardian spirit
HPRegen  0.75/turn              t - ring of resist corrosion
MPRegen  0.13/turn              u - +2 ring of dexterity

@: about to teleport, cleaving
A: large, unfitting armour, claws 3, horns 3, talons 3, rugged brown scales 2,
agile 1, clever 1, cold resistance 1, fire resistance 1, fast metabolism 3,
gourmand, high mp 1, regeneration 1, robust 1, shaggy fur 3, electricity
resistance, tough skin 2, evolution 1, MP-powered wands, sturdy frame 1
a: Renounce Religion


You were on level 5 of the Lair of Beasts.
You worshipped Xom.
You were a beloved toy of Xom.
You were very full.

You visited 3 branches of the dungeon, and saw 16 of its levels.
You visited the Abyss 1 time.

You collected 933 gold pieces.

Inventory:

Hand Weapons
 a - a +0 giant spiked club of protection
 q - a +0 dire flail
 s - a +0 giant club (weapon)
Armour
 c - +0 fire dragon scales (worn)
 x - a +2 hat
Jewellery
 e - an uncursed ring of resist corrosion
 f - an amulet of guardian spirit (around neck)
 m - an uncursed amulet of magic regeneration
 t - a ring of resist corrosion (left claw)
 u - a +2 ring of dexterity (right claw)
 A - an uncursed ring of protection from fire
Wands
 v - a wand of random effects (39)
 y - a wand of paralysis (10)
Scrolls
 d - a scroll of enchant weapon
 g - 4 scrolls of remove curse
 h - a scroll of teleportation
 n - 3 scrolls of magic mapping
 w - 6 scrolls of identify
 H - 2 scrolls of amnesia
Potions
 k - a potion of might
 F - a potion of agility
 G - a potion of mutation
Books
 j - a book of Debilitation

   Spells                             Type                      Level
   a - Corona                         Hexes                        1
   b - Slow                           Hexes                        2
   c - Inner Flame                    Hexes/Fire                   3
   d - Portal Projectile              Hexes/Translocation          3
   e - Cause Fear                     Hexes                        4
   f - Leda's Liquefaction            Hexes/Earth                  4
 l - a book of Power

   Spells                             Type                      Level
   a - Iskenderun's Battlesphere      Conjuration/Charms           5
   b - Venom Bolt                     Conjuration/Poison           5
   c - Bolt of Magma                  Conjuration/Fire/Earth       5
   d - Iron Shot                      Conjuration/Earth            6
   e - Orb of Destruction             Conjuration                  7
   f - Spellforged Servitor           Conjuration/Summoning        7
 o - a book of Minor Magic

   Spells                             Type                      Level
   a - Magic Dart                     Conjuration                  1
   b - Blink                          Translocation                2
   c - Call Imp                       Summoning                    2
   d - Slow                           Hexes                        2
   e - Conjure Flame                  Conjuration/Fire             3
   f - Mephitic Cloud                 Conjuration/Poison/Air       3
 p - a book of Geomancy

   Spells                             Type                      Level
   a - Sandblast                      Earth                        1
   b - Passwall                       Transmutation/Earth          2
   c - Stone Arrow                    Conjuration/Earth            3
   d - Petrify                        Transmutation/Earth          4
   e - Lee's Rapid Deconstruction     Earth                        5
 r - a book of Battle

   Spells                             Type                      Level
   a - Infusion                       Charms                       1
   b - Shroud of Golubria             Charms/Translocation         2
   c - Song of Slaying                Charms                       2
   d - Spectral Weapon                Hexes/Charms                 3
   e - Regeneration                   Charms/Necromancy            3
Miscellaneous
 B - a sack of spiders
 E - a lamp of fire
Comestibles
 b - 29 rations


   Skills:
 + Level 10.1 Fighting
 * Level 13.5 Maces & Flails
 - Level 9.2 Armour
 + Level 9.7 Dodging
 - Level 3.3 Unarmed Combat


You had 12 spell levels left.
You didn't know any spells.

Dungeon Overview and Level Annotations

Branches:
Dungeon (9/15)             Temple (0/1) D:6            Lair (6/6) D:9
  Swamp (0/4) Lair:3        Snake (0/4) Lair:3        Slime (1/5) Lair:5
    Orc: D:9-12

Altars:
Ashenzari
Gozag
Hepliaklqana
Xom

Shops:
D:8 :


Innate Abilities, Weirdness & Mutations

You are too large for most types of armour.
You have claws for hands.
Your metabolism is lightning-fast.
You like to eat raw meat.
Your natural rate of healing is unusually fast.
Your thick and shaggy fur keeps you warm. (AC +3, rC+)
You have very tough skin. (AC +2)
You have a pair of large horns on your head.
You have claws for feet.
You are mostly covered in rugged brown scales. (AC +2, +5% HP)
You are agile. (Dex +2)
Your mind is acute. (Int +2)
Your flesh is cold resistant. (rC+)
Your flesh is heat resistant. (rF+)
You have an increased reservoir of magic. (+10% MP)
You are robust. (+10% HP)
You are resistant to electric shocks. (rElec)
You evolve.
You expend magic power (3 MP) to strengthen your wands.
Your movements are slightly less encumbered by armour. (ER -2)


Message History

* * * LOW HITPOINT WARNING * * *
The great orb of eyes gazes at you. The slime creature barely misses you.
The azure jelly closely misses you. x2
The azure jelly hits you but does no damage. x2
Two slime creatures merge to form a very large slime creature.
Two slime creatures merge to form an enormous slime creature.
The great orb of eyes bites you.
* * * LOW HITPOINT WARNING * * *
The slime creature hits you but does no damage.
The azure jelly hits you but does no damage.
The azure jelly barely misses you. The azure jelly completely misses you.
The azure jelly hits you but does no damage.
You climb upwards.
Welcome back to the Lair of Beasts! "There, this looks better."
There is a staircase to the Slime Pits here.
As you read the scroll of teleportation, it crumbles to dust.
You feel strangely unstable.
The great orb of eyes stops glowing.
The enormous slime creature hits you!!!
You die...
Xom is highly amused!

.....####....#.#..####....#P#..##
....######.#.##...##...........#.
♣♣.## #.##..#.#........#####.##.#
....###..........#.#...# ######
.♣..........P..#..###..##
..♣.....#P....##.## #...#
.....#.#...#####.# ##.##
.....#####.### #G## #.## ###
....## #....###@J# ##..###.###
.....# ###.P###PJJ# #..###..P.##
...### #.#..###.G_####.........#
....# ##..###.....P....#.##..##
♣...## ##.####P__._...#####.#.#
...#.# #...# #..####...# #####
....## ##P.## ##..###..## ...#.#
#...## #.#.##P..## #....#
#.P..####..###....######


You could see an azure jelly, a great orb of eyes, an enormous slime creature, a
slime creature and an eye of devastation.

Vanquished Creatures
  Gastronok (D:9)
  The ghost of dscm the Earth Mage, a journeyman GrEE of Ashenzari (Lair:5)
  5 hydras
  A catoblepas (Lair:6)
  A two-headed ogre (D:8)
  6 death yaks
  A deep troll shaman (Lair:6)
  An oklob plant (Lair:2)
  Maurice (D:9)
  22 elephants
  3 spiny frogs
  8 komodo dragons
  2 rime drakes
  A polar bear (Lair:6)
  A troll (Lair:4)
  A tyrant leech (Lair:3)
  9 blink frogs
  8 dream sheep
  4 hippogriffs
  Sigmund (D:2)
  A spriggan (Lair:3)
  A fire elemental (Lair:1)
  39 yaks
  3 basilisks
  A human (Lair:3)
  3 fire bats (Lair:1)
  A steam dragon (D:9)
  Grum (D:8)
  7 water moccasins
  4 porcupines
  2 black bears
  3 orc warriors
  A necrophage (D:7)
  9 ogres
  4 centaurs
  3 phantoms
  34 wolves
  5 crocodiles
  A big kobold (D:9)
  13 bullfrogs
  8 wights
  2 howler monkeys
  3 lava snakes (Lair:1)
  A crimson imp (D:7)
  2 hounds
  A jelly (D:6)
  2 orc priests
  A bullfrog zombie (D:7)
  A centaur skeleton (D:4)
  2 bullfrog skeletons
  An iguana (D:6)
  11 orc wizards
  9 worker ants
  2 hound skeletons
  3 gnolls (D:4)
  12 adders
  A shadow imp (D:6)
  An ooze (D:1)
  An adder skeleton (D:8)
  2 worms (D:2)
  A dart slug (D:1)
  6 leopard geckos
  26 orcs
  5 giant cockroaches
  8 goblins
  6 hobgoblins
  9 jackals
  11 kobolds
  5 quokkas
  13 bats
  3 frilled lizards
  A giant cockroach zombie (D:5)
  A leopard gecko skeleton (D:7)
  A leopard gecko zombie (D:4)
  A quokka skeleton (D:4)
  A quokka zombie (D:6)
  3 rats
  A fire vortex (Lair:1)
382 creatures vanquished.

Vanquished Creatures (collateral kills)
  The ghost of Ethylacetat the Arsonist, a novice NaFE of Cheibriados (D:8)
  A tyrant leech (Lair:3)
  A blink frog (Lair:2)
  A hippogriff (Lair:5)
  6 fire bats (Lair:1)
  A basilisk (Lair:5)
  2 yaks (Lair:2)
  3 water moccasins
  2 porcupines
  7 wolves
  A crocodile (Lair:5)
26 creatures vanquished.

Vanquished Creatures (others)
  2 blink frogs (Lair:2)
  A wolf (Lair:5)
  A crocodile (Lair:2)
  An orc (D:6)
  A rat (D:3)
  A fire vortex (D:8)
  12 fungi
  4 plants (Lair:6)
23 creatures vanquished.

Grand Total: 431 creatures vanquished

Notes
Turn   | Place    | Note
-------+----------+-------------------------------------------
     0 | D:1      | Swet the Troll Chaos Knight began the quest for the Orb.
     0 | D:1      | Reached XP level 1. HP: 22/22 MP: 0/0
    59 | D:1      | Reached XP level 2. HP: 29/29 MP: 1/1
   265 | D:1      | XOM: silly message
   426 | D:2      | Reached XP level 3. HP: 36/36 MP: 2/2
   629 | D:2      | XOM: silly message
   637 | D:2      | XOM: potion effect (brilliance)
   652 | D:2      | Reached XP level 4. HP: 13/45 MP: 3/3
   957 | D:2      | Noticed Sigmund
   976 | D:2      | Killed Sigmund
   976 | D:2      | Reached skill level 1 in Maces & Flails
   976 | D:2      | Reached skill level 1 in Armour
   976 | D:2      | Reached XP level 5. HP: 35/54 MP: 4/4
  1105 | D:2      | XOM: medium Tloc miscast
  1648 | D:3      | Reached XP level 6. HP: 62/62 MP: 5/5
  1971 | D:4      | Found a shattered altar of Ashenzari.
  1998 | D:4      | XOM: 1-stop teleportation journey
  2012 | D:4      | XOM: enchant monster (good)
  2015 | D:4      | XOM: butterfly on damage
  2015 | D:4      | XOM: smoke on damage
  2028 | D:4      | Reached skill level 2 in Maces & Flails
  2283 | D:4      | XOM: god gift: scroll of enchant weapon
  2331 | D:4      | Reached XP level 7. HP: 71/71 MP: 6/6
  2594 | D:4      | XOM: medium Tloc miscast
  2679 | D:4      | XOM: god gift: arbalest {god gift}
  2884 | D:5      | Entered Level 5 of the Dungeon
  2946 | D:5      | XOM: potion effect (agility)
  2976 | D:5      | XOM: god gift: quarterstaff {god gift}
  3121 | D:5      | Found a hazy altar of Hepliaklqana.
  3229 | D:5      | Found the +4 Vampire's Tooth {vamp}
  3322 | D:5      | XOM is BORED!
  3322 | D:5      | XOM: silly message
  3394 | D:6      | Reached skill level 3 in Maces & Flails
  3423 | D:6      | XOM: harmless Chrm miscast
  3446 | D:6      | XOM: potion effect (haste)
  3454 | D:6      | Reached skill level 5 in Fighting
  3521 | D:6      | XOM: harmless Fire miscast
  3527 | D:6      | XOM: destruction
  3528 | D:6      | XOM: confusion (+ monsters)
  3570 | D:6      | Reached XP level 8. HP: 79/80 MP: 7/7
  3640 | D:6      | Reached skill level 4 in Maces & Flails
  3670 | D:6      | Found a staircase to the Ecumenical Temple.
  3788 | D:6      | XOM: divination: magic mapping
  3949 | D:6      | Gained mutation: You are frail. (-10% HP) [potion of mutation]
  3949 | D:6      | Gained mutation: You are agile. (Dex +2) [potion of mutation]
  3949 | D:6      | Gained mutation: Your magical capacity is low. (-10% MP) [potion of mutation]
  3949 | D:6      | Gained mutation: You are covered in thick fur. (AC +2) [potion of mutation]
  4317 | D:7      | Reached skill level 5 in Maces & Flails
  4334 | D:7      | XOM: cast spell 'Ring of Flames'
  4541 | D:7      | Reached XP level 9. HP: 78/80 MP: 7/7
  4579 | D:7      | XOM: summons friendly iron imp
  4647 | D:7      | XOM: harmless Chrm miscast
  4648 | D:7      | Reached skill level 6 in Maces & Flails
  4648 | D:7      | Reached skill level 5 in Dodging
  4892 | D:7      | XOM: stat loss: -1 Str (24/25)
  5113 | D:8      | Lost mutation: You are agile. (Dex +2) [potion of mutation]
  5113 | D:8      | Lost mutation: You are frail. (-10% HP) [potion of mutation]
  5113 | D:8      | Lost mutation: Your magical capacity is low. (-10% MP) [potion of mutation]
  5113 | D:8      | Gained mutation: Your flesh is cold resistant. (rC+) [potion of mutation]
  5113 | D:8      | Gained mutation: You are partially covered in rugged brown scales. (AC +1, +3% HP) [potion of mutation]
  5113 | D:8      | Gained mutation: You evolve. [potion of mutation]
  5123 | D:8      | XOM: torment (40/90 hp)
  5219 | D:8      | XOM: give mutations
  5219 | D:8      | Lost mutation: You evolve. [Xom's mischief]
  5219 | D:8      | Gained mutation: Scrolls take you a little longer to read. [Xom's mischief]
  5219 | D:8      | Lost mutation: Scrolls take you a little longer to read. [Xom's mischief]
  5249 | D:8      | XOM: severe Fire miscast
  5253 | D:8      | XOM: chaos upgrade
  5261 | D:8      | XOM: give mutations
  5261 | D:8      | Gained mutation: Your thick and shaggy fur keeps you warm. (AC +3, rC+) [Xom's mischief]
  5261 | D:8      | Gained mutation: You have a pair of small horns on your head. [Xom's mischief]
  5391 | D:8      | XOM: give mutations
  5391 | D:8      | Gained mutation: Scrolls take you a little longer to read. [Xom's mischief]
  5391 | D:8      | Gained mutation: You are resistant to electric shocks. (rElec) [Xom's mischief]
  5391 | D:8      | Gained mutation: Your body sometimes deteriorates upon taking damage. [Xom's mischief]
  5391 | D:8      | Lost mutation: Your flesh is cold resistant. (rC+) [Xom's mischief]
  5399 | D:8      | Found Toka's Book Emporium.
  5613 | D:8      | XOM: mild Fire miscast
  5630 | D:8      | Noticed a two-headed ogre
  5630 | D:8      | XOM: fog
  5638 | D:8      | Killed a two-headed ogre
  5638 | D:8      | Reached skill level 7 in Maces & Flails
  5665 | D:8      | XOM: harmless Pois miscast
  5746 | D:8      | Noticed Grum
  5746 | D:8      | XOM: summons 4 hostile demons
  5762 | D:8      | XOM: 2-stop teleportation journey
  5781 | D:8      | XOM: give mutations
  5781 | D:8      | Lost mutation: Your body sometimes deteriorates upon taking damage. [Xom's mischief]
  5781 | D:8      | Gained mutation: Scrolls take you longer to read. [Xom's mischief]
  5808 | D:8      | Noticed Ethylacetat's ghost (novice NaFE)
  5811 | D:8      | XOM: enchant monster (good)
  5814 | D:8      | XOM: potion effect (brilliance)
  5816 | D:8      | XOM: cast spell 'Monstrous Menagerie'
  5825 | D:8      | Killed Ethylacetat's ghost
  5825 | D:8      | Reached skill level 5 in Armour
  5825 | D:8      | Reached XP level 10. HP: 69/102 MP: 6/9
  5840 | D:8      | Lost mutation: Scrolls take you longer to read. [potion of mutation]
  5840 | D:8      | Lost mutation: Scrolls take you a little longer to read. [potion of mutation]
  5840 | D:8      | Lost mutation: You have a pair of small horns on your head. [potion of mutation]
  5840 | D:8      | Gained mutation: You expend magic power (3 MP) to strengthen your wands. [potion of mutation]
  5840 | D:8      | Gained mutation: You have a pair of small horns on your head. [potion of mutation]
  5919 | D:8      | XOM: cleaving
  5924 | D:8      | XOM: confuse monster(s)
  5927 | D:8      | Killed Grum
  6253 | D:9      | XOM: give mutation
  6253 | D:9      | Gained mutation: You have large cloven feet. [Xom's grace]
  6255 | D:9      | XOM: harmless Tmut miscast
  6256 | D:9      | Noticed Maurice
  6264 | D:9      | Reached skill level 8 in Maces & Flails
  6296 | D:9      | XOM: harmless Conj miscast
  6336 | D:9      | XOM: harmless Summ miscast
  6540 | D:9      | XOM: blink monster(s)
  6555 | D:9      | XOM: confuse monster(s)
  6602 | D:9      | Found a staircase to the Lair.
  6656 | D:9      | Noticed Gastronok
  6666 | D:9      | Killed Gastronok
  6666 | D:9      | Reached skill level 9 in Maces & Flails
  6759 | D:9      | Got a jewelled dagger
  6768 | D:9      | XOM: blink monster(s)
  6769 | D:9      | XOM: 1-stop teleportation journey
  6788 | D:9      | XOM: polymorph orc warrior -> steam dragon
  6834 | D:9      | XOM: enchant monster (good)
  6877 | D:9      | Killed Maurice
  6965 | D:9      | XOM: scenery: create altars
  6980 | Lair:1   | Entered Level 1 of the Lair of Beasts
  6984 | Lair:1   | XOM: summons friendly white imp
  6985 | Lair:1   | XOM: summons friendly white imp
  6987 | Lair:1   | Reached XP level 11. HP: 108/111 MP: 8/10
  7006 | Lair:1   | XOM: cleaving
  7063 | Lair:1   | XOM: cast spell 'Summon Ice Beast'
  7064 | Lair:1   | XOM: summons 6 friendly demons
  7066 | Lair:1   | XOM: noise
  7067 | Lair:1   | XOM: mild Pois miscast
  7070 | Lair:1   | XOM: harmless Tloc miscast
  7073 | Lair:1   | XOM: enchant monster (bad)
  7077 | Lair:1   | XOM: harmless Hex miscast
  7296 | D:9      | XOM: mild Tmut miscast
  7309 | Lair:1   | XOM: mild Conj miscast
  7504 | Lair:1   | XOM: 1-stop teleportation journey
  7529 | Lair:1   | Noticed a seven-headed hydra
  7535 | Lair:1   | Killed a seven-headed hydra
  8031 | Lair:1   | Reached skill level 10 in Maces & Flails
  8298 | Lair:2   | Found an opulent altar of Gozag.
  8298 | Lair:2   | Noticed an oklob plant
  8359 | Lair:2   | XOM: harmless Chrm miscast
  8784 | Lair:2   | XOM: harmless Hex miscast
  8792 | Lair:2   | Killed an oklob plant
  8840 | Lair:2   | XOM: summons 3 friendly demons
  8891 | Lair:2   | XOM: summons 6 friendly demons
  8904 | Lair:2   | XOM: 5-stop teleportation journey
  9002 | Lair:2   | XOM: fake destruction
  9018 | Lair:2   | XOM: summons 10 friendly demons
  9058 | Lair:2   | XOM: divine lightning
  9067 | Lair:2   | Reached XP level 12. HP: 108/124 MP: 9/11
  9240 | Lair:2   | Reached skill level 11 in Maces & Flails
  9329 | Lair:2   | XOM: scenery: create altars
  9645 | Lair:2   | XOM: scenery: create altars
  9708 | Lair:3   | Found a staircase to the Snake Pit.
  9710 | Lair:3   | XOM: polymorph rime drake -> human
  9721 | Lair:3   | XOM: summons friendly quasit
  9770 | Lair:3   | XOM: summons 12 friendly demons
  9791 | Lair:3   | Found a staircase to the Swamp.
  9824 | Lair:3   | XOM: summons friendly soul eater
 10119 | Lair:3   | Noticed a death yak
 10127 | Lair:3   | Killed a death yak
 10419 | Lair:4   | XOM: enchant monster (bad)
 10420 | Lair:4   | Noticed a five-headed hydra
 10435 | Lair:4   | XOM: divination: magic mapping
 10444 | Lair:3   | Killed a five-headed hydra
 10448 | Lair:3   | XOM: give mutations
 10448 | Lair:3   | Gained mutation: Your body sometimes deteriorates upon taking damage. [Xom's mischief]
 10448 | Lair:3   | Lost mutation: Your body sometimes deteriorates upon taking damage. [Xom's mischief]
 10448 | Lair:3   | Lost mutation: You have large cloven feet. [Xom's mischief]
 10448 | Lair:3   | Gained mutation: You are robust. (+10% HP) [Xom's mischief]
 10570 | Lair:4   | XOM is BORED!
 10570 | Lair:4   | XOM: medium Tloc miscast
 10570 | Lair:4   | Cast into level 2 of the Abyss (the severe capriciousness of Xom)
 10570 | Lair:4   | Escaped the Abyss
 10570 | Lair:4   | XOM: revert banishment
 10815 | Lair:4   | XOM: swap monsters
 10956 | Lair:4   | Reached skill level 12 in Maces & Flails
 10956 | Lair:4   | XOM: fake destruction
 10960 | Lair:4   | XOM: fog
 11002 | Lair:4   | XOM: give mutations
 11002 | Lair:4   | Gained mutation: You have sharp toenails. [Xom's grace]
 11002 | Lair:4   | Gained mutation: You are mostly covered in rugged brown scales. (AC +2, +5% HP) [Xom's grace]
 11002 | Lair:4   | Gained mutation: You evolve. [Xom's grace]
 11002 | Lair:4   | Gained mutation: Your flesh is cold resistant. (rC+) [Xom's grace]
 11321 | Lair:4   | XOM: polymorph komodo dragon -> troll
 11682 | Lair:5   | XOM: summons friendly orange demon
 11697 | Lair:5   | Reached XP level 13. HP: 113/149 MP: 9/12
 11753 | Lair:5   | Found a staircase to the Slime Pits.
 11944 | Lair:5   | XOM: give mutations
 11944 | Lair:5   | Gained mutation: Your movements are slightly less encumbered by armour. (ER -2) [Xom's grace]
 11944 | Lair:5   | Gained mutation: You have an increased reservoir of magic. (+10% MP) [Xom's grace]
 11944 | Lair:5   | Gained mutation: Your mind is acute. (Int +2) [Xom's grace]
 11980 | Lair:5   | Noticed dscm's ghost (journeyman GrEE)
 11980 | Lair:5   | XOM: scenery: create altars
 11982 | Lair:5   | XOM: cast spell 'Dispersal'
 12019 | Lair:5   | XOM: 2-stop teleportation journey
 12026 | Lair:5   | XOM: divination: detect creatures
 12114 | Lair:5   | XOM: cast spell 'Statue Form'
 12135 | Lair:5   | XOM: summons friendly quasit
 12138 | Lair:5   | XOM: enchant monster (good)
 12155 | Lair:5   | XOM: cleaving
 12159 | Lair:5   | XOM: god gift: lamp of fire
 12278 | Lair:5   | XOM: 1-stop teleportation journey
 12319 | Lair:5   | XOM: summons 3 friendly demons
 12322 | Lair:5   | XOM: summons 12 friendly demons
 12445 | Lair:5   | Killed dscm's ghost
 12580 | Lair:5   | XOM: cleaving
 12707 | Lair:5   | Gained mutation: You have a pair of horns on your head. [evolution]
 12810 | Lair:6   | Entered Level 6 of the Lair of Beasts
 12845 | Lair:6   | XOM: polymorph hippogriff -> something unseen
 12876 | Lair:6   | XOM: polymorph something unseen -> blink frog
 12887 | Lair:6   | XOM: scenery: create altars
 12890 | Lair:6   | XOM: give mutation
 12890 | Lair:6   | Lost mutation: You have sharp toenails. [Xom's mischief]
 12892 | Lair:6   | XOM: summons 2 friendly demons
 12893 | Lair:6   | XOM: summons friendly crimson imp
 12918 | Lair:6   | XOM: scenery: create altars
 13241 | Lair:5   | XOM: divination: detect items
 13269 | Lair:5   | XOM: give mutations
 13269 | Lair:5   | Gained mutation: You have sharp toenails. [Xom's grace]
 13269 | Lair:5   | Gained mutation: You have razor-sharp toenails. [Xom's grace]
 13269 | Lair:5   | Gained mutation: You have a pair of large horns on your head. [Xom's grace]
 13349 | Lair:6   | XOM: mild Air miscast
 13371 | Lair:6   | XOM: give mutations
 13371 | Lair:6   | Gained mutation: You have claws for feet. [Xom's grace]
 13371 | Lair:6   | Gained mutation: Your flesh is heat resistant. (rF+) [Xom's grace]
 13371 | Lair:6   | Gained mutation: You are agile. (Dex +2) [Xom's grace]
 13396 | Lair:6   | Reached skill level 13 in Maces & Flails
 13560 | Lair:6   | XOM: summons friendly ufetubus
 13574 | Lair:6   | XOM: summons friendly quasit
 13579 | Lair:6   | XOM: destruction
 13594 | Lair:6   | XOM: fake destruction
 13603 | Lair:6   | XOM: summons friendly smoke demon
 13635 | Lair:6   | XOM: potion effect (haste)
 13636 | Lair:6   | XOM: scenery: create altars
 13639 | Lair:6   | XOM: blink monster(s)
 13649 | Lair:6   | XOM: summons friendly quasit
 13684 | Lair:6   | XOM: fake destruction
 13685 | Lair:6   | Reached skill level 10 in Fighting
 14682 | Slime:1  | Entered Level 1 of the Pits of Slime
 14690 | Slime:1  | XOM: fake destruction
 14690 | Slime:1  | Paralysed by a great orb of eyes for 4 turns
 14691 | Slime:1  | XOM: cleaving
 14695 | Slime:1  | Noticed an azure jelly
 14701 | Lair:5   | XOM: scenery: create altars
 14702 | Lair:5   | Annihilated by an enormous slime creature

Skill      XL: |  1  2  3  4  5  6  7  8  9 10 11 12 13 |
---------------+----------------------------------------+-----
Dodging        | 2 3 4 5 6 7 8 9 |  9.7
Fighting       | 3 4 5 6 7 8 9 10 | 10.1
Maces & Flails | 1 2 3 5 7 9 10 12 13 | 13.5
Armour         | 1 2 3 5 6 7 8 9 |  9.2
Unarmed Combat | |  3.3

Action                   |  1- 3 |  4- 6 |  7- 9 | 10-12 | 13-15 || total
-------------------------+-------+-------+-------+-------+-------++-------
Melee: Unarmed           |    96 |   134 |       |       |       ||   230
       Punch             |     1 |     3 |       |       |       ||     4
       Club              |       |     9 |       |       |       ||     9
       Giant club        |       |    28 |   410 |   570 |   366 ||  1374
       Dire flail        |       |       |    33 |       |       ||    33
       Headbutt          |       |       |    13 |   126 |    79 ||   218
       Kick              |       |       |       |   148 |   118 ||   266
Evoke: Wand              |       |       |     1 |     2 |     5 ||     8
       Sack of spiders   |       |       |       |       |     1 ||     1
  Use: Potion            |     1 |     3 |     7 |     1 |     5 ||    17
       Scroll            |       |     5 |     6 |     3 |     7 ||    21
 Stab: Petrifying        |       |     1 |       |       |       ||     1
       Distracted        |       |       |       |     1 |       ||     1
       Petrified         |       |       |       |       |     1 ||     1
  Eat: Chunk             |     8 |    19 |    34 |    54 |    28 ||   143
Armor: Robe              |    29 |     5 |       |       |       ||    34
       Fire dragon scale |       |   102 |   395 |   469 |   322 ||  1288
       Skin              |       |       |       |       |   145 ||   145
Dodge: Dodged            |    49 |    95 |   342 |   430 |   515 ||  1431
